 Seeded DCSS version 0.30-a0-269-gf0224bf7b6 (webtiles) character file.

Game seed: 11836800648259413034 (custom seed)

1919 hikkokomori the Zephyrmancer (level 9, -8/54 HPs)
             Began as a Tengu Air Elementalist on Oct 14, 2022.
             Killed from afar by Grinder (16 damage)
             ... with a bolt of light
             ... on level 6 of the Dungeon on Oct 15, 2022.
             The game lasted 00:22:51 (5098 turns).

hikkokomori the Zephyrmancer (TeAE)                 Turns: 5098, Time: 00:22:51

Health: -8/54      AC:  8    Str: 10    XL:     9   Next: 16%
Magic:  11/13      EV: 14    Int: 25    God:
Gold:   422        SH:  0    Dex: 14    Spells: 5/12 levels left

rFire   + + .      SeeInvis .    g - staff of air
rCold   . . .      Faith    .    f - +3 warlock's mirror {reflect}
rNeg    . . .      Spirit   .    a - +0 robe
rPois   .          Reflect  +    (helmet restricted)
rElec   +          Harm     .    e - +0 cloak
rCorr   .          Rampage  .    o - +0 pair of gloves
Will    .....                    (boots unavailable)
Stlth   +.........               h - amulet of Vota {Reflect rF++ SH+5}
HPRegen 0.29/turn                m - +4 ring of protection
MPRegen 0.13/turn                B - +6 ring of intelligence

@: confused, flying quickly and evasively, quick
A: beak, talons 3, nimble flight
a: no special abilities


You were on level 6 of the Dungeon.
You visited 1 branch of the dungeon, and saw 6 of its levels.
You also visited: Sewer.

You collected 422 gold pieces.

Inventory:

Hand Weapons
 d - a +0 whip
 r - a +4 dagger
 s - a +2 hand axe of electrocution
Armour
 a - a +0 robe (worn)
 e - a +0 cloak (worn)
 f - the +3 warlock's mirror (worn) {reflect}
   (You acquired it on level 1 of the Dungeon)

   It can block and reflect piercing ranged attacks and magical attacks against
   the wielder's willpower.
 o - a +0 pair of gloves (worn)
Magical Staves
 g - a staff of air (weapon)
Jewellery
 h - the amulet of Vota (around neck) {Reflect rF++ SH+5}
   (You acquired it on level 1 of the Dungeon)

   [amulet of reflection]

   It reflects blocked missile attacks.
   rF:        It greatly protects you from fire.
   SH:        It affects your SH (+5).
 m - a +4 ring of protection (left hand)
 y - a ring of resist corrosion
 A - an amulet of magic regeneration
 B - a +6 ring of intelligence (right hand)
Scrolls
 l - a scroll of enchant weapon
 n - 4 scrolls of teleportation
 q - a scroll of enchant armour {unknown}
 t - a scroll of immolation {unknown}
 C - a scroll of noise {unknown}
 D - a scroll of blinking {unknown}
 E - 2 scrolls of identify
 F - a scroll of vulnerability {unknown}
Potions
 b - a potion of magic
 c - 5 potions of heal wounds {unknown}
 i - 3 potions of brilliance {unknown}
 j - a potion of flight
 k - 2 potions of curing {unknown}
 p - a potion of might {unknown}
 u - a potion of berserk rage
 v - a potion of haste {unknown}
 w - a potion of invisibility {unknown}
 x - a potion of lignification {unknown}
 z - 2 potions of mutation {unknown}


   Skills:
 + Level 5.5 Fighting
 + Level 2.0 Staves
 - Level 2.1 Dodging
 - Level 2.0 Stealth
 - Level 5.1 Shields
 + Level 2.1 Spellcasting
 + Level 7.7 Conjurations
 + Level 8.7 Air Magic


You had 5 spell levels left.
You knew the following spells:

 Your Spells              Type           Power      Damage    Failure   Level
a - Shock                 Conj/Air       100%       1d9       1%          1
b - Static Discharge      Conj/Air       100%       2-7/arc   1%          2
c - Airstrike             Air            31%        2d(5-21)  3%          4

Your spell library contained the following spells:

 Spells                   Type           Power      Damage    Failure   Level
 Swiftness                Air            62%        N/A       1%          3
 Vhi's Electric Charge    Tloc/Air       72%        N/A       7%          3
 Arcjolt                  Conj/Air       30%        1d40      13%         5
 Lightning Bolt           Conj/Air       30%        1d47      13%         5
 Sublimation of Blood     Necr           2%         N/A       22%         2
 Irradiate                Conj/Tmut      10%        3d15      63%         5
 Petrify                  Tmut/Erth      2%         N/A       80%         4


Dungeon Overview and Level Annotations

Branches:
Dungeon (6/15)              Sewer (visited)
 Temple: D:4-7

Altars:
Fedhas
Gozag
Yredelemnul

Annotations:
D:6 Grinder, Menkaure


Innate Abilities, Weirdness & Mutations

You have a beak for a mouth.
You have claws for feet.
Your magical nature lets you fly swiftly and evasively.


Message History

The centaur shouts!
You hear a shout!
The centaur wields a +0 shortbow.
The centaur shoots an arrow.
You reflect the arrow off your +3 warlock's mirror {reflect}!
The arrow hits the centaur!
Grinder comes into view.
She is carrying a wand of light (9).
There are monsters nearby!
There are monsters nearby!
There are monsters nearby!
The centaur shoots an arrow.
The arrow hits you.
Grinder blinks!
Unknown command.
The centaur unwields a +0 shortbow.
You block the centaur's attack. The centaur kicks you.
Menkaure, Prince of Dust comes into view.
The centaur closely misses you. The centaur misses you.
Casting: Static Discharge (safe; 1% risk of failure)
Confirm with . or Enter, or press ? or * to list all spells.
You feel a surge of power!
The centaur is struck by an arc of lightning.
The centaur is severely wounded.
You resist.
You are struck by an arc of lightning.
The centaur is struck by an arc of lightning!
You kill the centaur!
Grinder is struck by an arc of lightning.
Grinder is lightly wounded.
The lightning grounds out.
Menkaure shouts!
Grinder zaps a wand.
The bolt of light hits you!
You are confused.
Your Staves skill increases to level 2!
You're too confused to cast spells.
Unknown command.
Grinder zaps a wand.
The bolt of light hits you!
* * * LOW HITPOINT WARNING * * *
Menkaure calls on the powers of darkness!
Your body is wracked with pain!
* * * LOW HITPOINT WARNING * * *
It was a potion of flight.
You feel more buoyant.
Grinder zaps a wand.
The bolt of light hits you!
You die...

#.## #... ## ....
### ##~ .M. ..#
##P~ #.##..#.# ..
#.P~ ....#.# #.#
#~~~ #5).# #.######
#.## #.#...)) ##@##
#####.#.##)) ##.#
#...........
##.#####..........(
#............#.####
#.#######.......#
## #.....###
#######


You could see Grinder and Menkaure.

Vanquished Creatures
  A yak (D:5)
  A water moccasin (D:5)
  Duvessa (D:4)
  Pargi (Sewer)
  An ice beast (D:5)
  A black bear (D:5)
  2 centaurs
  An ogre (D:5)
  2 necrophages
  3 scorpions (D:5)
  Dowan (D:4)
  A howler monkey (D:5)
  A jelly (D:4)
  2 orc priests
  5 hounds
  2 iguanas (D:5)
  2 orc wizards
  Robin (D:2)
  4 gnolls (D:4)
  10 adders
  4 ufetubi
  A worm (D:2)
  3 dart slugs
  21 orcs
  11 ball pythons
  5 endoplasms
  3 giant cockroaches
  14 goblins
  9 hobgoblins
  2 jackals (D:5)
  A quokka (D:1)
  16 bats
  2 frilled lizards (D:1)
  4 kobolds
  14 rats
153 creatures vanquished.

Vanquished Creatures (others)
  4 fungi (D:6)
  A plant (D:6)
5 creatures vanquished.

Grand Total: 158 creatures vanquished

Notes
Turn   | Place    | Note
-------+----------+-------------------------------------------
     0 | D:1      | hikkokomori the Tengu Air Elementalist began the quest for
                  | the Orb.
     0 | D:1      | Reached XP level 1. HP: 10/10 MP: 4/4
   129 | D:1      | Reached XP level 2. HP: 15/15 MP: 0/6
   158 | D:1      | Identified 3 scrolls of acquirement
   158 | D:1      | Acquired a staff of air
   160 | D:1      | Acquired the amulet of Vota {Reflect rF++ SH+5}
   162 | D:1      | Acquired the +3 warlock's mirror {reflect}
   162 | D:1      | Found the +3 warlock's mirror {reflect}
   253 | D:1      | Learned a level 2 spell: Static Discharge
   674 | D:1      | Reached XP level 3. HP: 20/20 MP: 4/7
   714 | D:1      | Found a faded altar of an unknown god.
   872 | D:2      | Noticed Robin
   879 | D:2      | Reached skill level 1 in Fighting
   972 | D:2      | Killed Robin
   973 | D:2      | Reached skill level 1 in Shields
  1045 | D:2      | Reached XP level 4. HP: 25/25 MP: 8/8
  1162 | D:2      | Reached skill level 5 in Air Magic
  1817 | D:3      | Gained mutation: Your magical nature lets you fly swiftly
                  | and evasively. [Tengu growth]
  1817 | D:3      | Reached XP level 5. HP: 27/30 MP: 6/9
  2448 | D:4      | Reached XP level 6. HP: 36/36 MP: 2/10
  2526 | D:4      | Found an opulent altar of Gozag.
  2623 | D:4      | Found a glowing drain.
  2629 | Sewer    | Entered a sewer
  2670 | Sewer    | Noticed Pargi
  2700 | Sewer    | Killed Pargi
  2701 | Sewer    | Reached skill level 6 in Air Magic
  3138 | D:4      | Reached XP level 7. HP: 41/41 MP: 8/11
  3153 | D:4      | Noticed Duvessa
  3154 | D:4      | Noticed Dowan
  3171 | D:4      | Killed Duvessa
  3171 | D:4      | Killed Dowan
  3172 | D:4      | Reached skill level 5 in Conjurations
  3586 | D:5      | Entered Level 5 of the Dungeon
  3638 | D:5      | Reached skill level 7 in Air Magic
  3638 | D:5      | Reached XP level 8. HP: 33/48 MP: 3/12
  3875 | D:5      | Upgraded the game from 0.30-a0-263-ge22c4ad894 to
                  | 0.30-a0-269-gf0224bf7b6
  3915 | D:5      | Noticed a yak
  3926 | D:5      | Killed a yak
  4115 | D:5      | Reached skill level 8 in Air Magic
  4155 | D:5      | Learned a level 4 spell: Airstrike
  4182 | D:5      | Reached skill level 5 in Fighting
  4182 | D:5      | Reached skill level 5 in Shields
  4341 | D:5      | Found a blossoming altar of Fedhas.
  4563 | D:5      | Reached skill level 1 in Staves
  4563 | D:5      | Reached XP level 9. HP: 54/54 MP: 13/13
  4988 | D:6      | Found a basalt altar of Yredelemnul.
  5093 | D:6      | Noticed Grinder
  5095 | D:6      | Noticed Menkaure
  5098 | D:6      | Killed from afar by Grinder

Illustrated notes

Levels and vault maps discovered:
D:1:      minmay_arrival_nine_rooms, layout_rooms,
          dreamdust_ecumenical_altar_hidden_monk_grotto
D:2:      layout_loops_ring, minmay_strange_pillars, uniq_robin
D:3:      layout_basic, lightli_temple_of_fire
D:4:      layout_basic, mainiacjoe_overflow_cross_hatched, portal_sewer_entry_e,
          uniq_duvessa
D:5:      cheibrodos_fzero, layout_rooms, mainiacjoe_overflow_alcove_2
D:6:      layout_loops_cross, mainiacjoe_overflow_catch_the_wave,
          yredelemnul_altar_generic, minmay_temple_entry_gardened_gates,
          serial_aquarium, aquarium_bridge_square [aquarium_subvault_bridge,
          aquarium_subvault_window, aquarium_subvault_bridge,
          aquarium_subvault_bridge], aquarium_window_1, aquarium_window_corner,
          aquarium_window_corner, aquarium_view_2a, aquarium_balcony_1b,
          uniq_menkaure, uniq_grinder, uniq_edmund

Skill      XL: |  1  2  3  4  5  6  7  8  9 |
---------------+----------------------------+-----
Conjurations   | 2 3 4 5 7 |  7.7
Fighting       | 1 2 3 4 5 |  5.5
Shields        | 1 2 3 4 5 |  5.1
Air Magic      | 5 6 7 8 |  8.7
Staves         | 1 2 |  2.0
Dodging        | |  2.1
Stealth        | |  2.0
Spellcasting   | |  2.1

Action                   |  1- 3 |  4- 6 |  7- 9 || total
-------------------------+-------+-------+-------++-------
Melee: Unarmed           |     4 |       |       ||     4
       Kick              |     4 |    28 |    22 ||    54
       Staff             |    15 |    89 |    73 ||   177
       Peck              |     1 |     7 |    17 ||    25
 Cast: Shock             |    38 |    44 |    57 ||   139
       Static Discharge  |     6 |    12 |    18 ||    36
       Airstrike         |       |       |     2 ||     2
  Use: Scroll            |     3 |       |     3 ||     6
       Potion            |       |       |     1 ||     1
 Stab: Sleeping          |       |     5 |     1 ||     6
       Distracted        |       |       |     1 ||     1
Armor: Robe              |     6 |    35 |    23 ||    64
Dodge: Dodged            |    17 |    74 |    69 ||   160
Block: Buckler           |    17 |    99 |   103 ||   219
       Reflection        |     1 |     3 |     5 ||     9

Table legend: (Time is in decaauts)
 A = Elapsed time spent in this place.
 B = Non-inter-level travel time spent in this place.
 C = Inter-level travel time spent in this place.
 D = Time resting spent in this place.
 E = Time spent auto-exploring this place.
 F = Levels seen in this place.
 G = Mean time per level.
                   A        B        C        D        E       F      G
               +--------+--------+--------+--------+--------+-----+--------+
         Total |   4956 |   4811 |    145 |    668 |   2957 |   7 |  708.0 |
       Dungeon |   4757 |   4612 |    145 |    668 |   2848 |   6 |  792.8 |
         Sewer |    199 |    199 |      0 |      0 |    108 |   1 |  199.0 |
               +--------+--------+--------+--------+--------+-----+--------+

Top non-repeatable levels by time:
     D:5: 1178 daAuts
     D:4: 1090 daAuts
     D:1: 933 daAuts
     D:2: 780 daAuts
     D:3: 636 daAuts
   Sewer: 199 daAuts
     D:6: 138 daAuts
